 Dungeon Crawl Stone Soup version 0.30.1-3-gfc49f6343a (webtiles) character file.

Game seed: 14310118876148388290

2 KyoPewz the Cudgeller (level 1, 0/22 HPs)
             Began as an Ogre Gladiator on July 31, 2023.
             Slain by a goblin
             ... wielding a +0 dagger
              (2 damage)
             ... on level 1 of the Dungeon.
             The game lasted 00:01:19 (69 turns).

KyoPewz the Cudgeller (Ogre Gladiator)                Turns: 69, Time: 00:01:19

Health: 0/22       AC:  3    Str: 17    XL:     1   Next: 30%
Magic:  1/1        EV: 10    Int:  9    God:
Gold:   10         SH:  0    Dex: 10    Spells: 0/0 levels left

rFire   . . .        a - +0 flail
rCold   . . .        (no shield)
rNeg    . . .        b - +0 robe
rPois   .            c - +0 hat
rElec   .            (no cloak)
rCorr   .            (gloves unavailable)
SInv    .            (boots unavailable)
Will    .....        (no amulet)
Stlth   +            (no ring)
HPRegen 0.23/turn    (no ring)
MPRegen 0.07/turn

%: no passive effects
@: no status effects
A: large, unfitting armour, tough skin 1
a: no special abilities


You were on level 1 of the Dungeon.
You visited 1 branch of the dungeon, and saw 1 of its levels.

You collected 101 gold pieces.
You spent 91 gold pieces at shops.

Inventory:

Hand Weapons
 a - a +0 flail (weapon)
Missiles
 d - 3 throwing nets (quivered)
 e - a large rock
 f - 5 stones
Armour
 b - a +0 robe (worn)
 c - a +0 hat (worn)
Potions
 g - a potion of haste {unknown}
 h - a potion of lignification
 q - a potion of curing


   Skills:
 - Level 2.6 Fighting
 + Level 2.7 Maces & Flails
 + Level 2.1 Throwing
 - Level 2.6 Dodging


You couldn't memorise any spells.
You didn't know any spells.
Your spell library was empty.

Dungeon Overview and Level Annotations

Branches:
Dungeon (1/15)

Altars:

Shops:
D:1 !


Innate Abilities, Weirdness & Mutations

You are too large for most types of armour.
You have tough skin. (AC +1)


Message History

You sock the frilled lizard!
You kill the frilled lizard!
The goblin barely misses you. The kobold hits you with a +0 whip.
You take 3 damage, and have 16/22 hp.
You miss the goblin. The goblin barely misses you.
The kobold hits you with a +0 whip.
You take 4 damage, and have 12/22 hp.
You hit the goblin but do no damage. The kobold hits you with a +0 whip.
The goblin closely misses you. The goblin hits you with a +0 dagger.
The kobold hits you but does no damage.
You take 3 damage, and have 9/22 hp.
You are too injured to fight recklessly!
You are too injured to fight recklessly!
The endoplasm barely misses you. The goblin barely misses you.
The kobold attacks as you move away! The kobold closely misses you.
The goblin barely misses you. The kobold hits you but does no damage.
You are too injured to fight recklessly!
You closely miss the kobold. The kobold closely misses you.
The goblin hits you but does no damage.
You barely miss the goblin. The goblin hits you with a +0 dagger.
The kobold barely misses you.
You take 3 damage, and have 7/22 hp.
You hit the goblin but do no damage. The goblin hits you but does no damage.
The kobold closely misses you. The goblin hits you with a +0 dagger.
* * * LOW HITPOINT WARNING * * *
The kobold barely misses you.
You take 2 damage, and have 5/22 hp.
You closely miss the kobold. The goblin hits you but does no damage.
The kobold closely misses you.
You closely miss the kobold. The goblin barely misses you.
The kobold barely misses you.
You hit the kobold but do no damage. The goblin hits you with a +0 dagger.
* * * LOW HITPOINT WARNING * * *
The kobold hits you with a +0 whip.
* * * LOW HITPOINT WARNING * * *
The kobold hits you with a +0 whip.
* * * LOW HITPOINT WARNING * * *
The goblin hits you with a +0 dagger.
You die...

#.......#
........#
......#######
............
#..........
###..........
###..J.........
#...gK##....$..
#....@# .......
#.....# ######.
#.....# .##
#.....# ....
#.....# .....
#.....#
.....###...######
......#..........
.......!∩........


You could see an endoplasm, a goblin and a kobold.

Vanquished Creatures
  An endoplasm (D:1)
  A frilled lizard (D:1)
2 creatures vanquished.

Notes
Turn   | Place    | Note
-------+----------+-------------------------------------------
     0 | D:1      | KyoPewz the Ogre Gladiator began the quest for the Orb.
     0 | D:1      | Reached XP level 1. HP: 22/22 MP: 1/1
    11 | D:1      | Found Biweewn's Distillery.
    30 | D:1      | Bought a potion of curing for 39 gold pieces
    39 | D:1      | Bought a potion of degeneration for 13 gold pieces
    39 | D:1      | Bought a potion of lignification for 39 gold pieces
    69 | D:1      | Slain by a goblin

Illustrated notes

Levels and vault maps discovered:
D:1:      eino_arrival_water_star, layout_basic, serial_shops, shop_coins,
          minmay_tetromino_s2

Action                     || total
---------------------------++-------
  Melee: Flail             ||    14
 Armour: Robe              ||     6
  Dodge: Dodged            ||    17
